 Dungeon Crawl Stone Soup version 0.19.0-20-gbc5f0c6 (webtiles) character file.

617 nikopol the Skirmisher (level 7, 0/44 HPs)
             Began as a Gargoyle Berserker on Nov 17, 2016.
             Was a Priest of Trog.
             Slain by Philosophy's ghost (4 damage)
             ... on level 6 of the Dungeon.
             The game lasted 00:08:48 (4385 turns).

nikopol the Skirmisher (Gargoyle Berserker)         Turns: 4385, Time: 00:08:49

Health: 0/44       AC: 14    Str: 20    XL:     7   Next: 45%
Magic:  7/7        EV: 11    Int:  8    God:    Trog [***...]
Gold:   358        SH:  0    Dex: 11    Spells: 0 memorised, 6 levels left

rFire  . . .     SeeInvis .     a - +0 hand axe
rCold  . . .     Gourm    .     w - +0 scale mail
rNeg   + . .     Faith    .     (no shield)
rPois  ∞         Spirit   .     (no helmet)
rElec  +         Reflect  .     d - +0 cloak
rCorr  .         Harm     .     (no gloves)
MR     ++...                    o - +0 pair of boots
Stlth  ..........               (no amulet)
                                (no ring)
                                (no ring)

@: exhausted, regenerating, slowed, very slow
A: negative energy resistance 1, electricity resistance, unbreathing,
petrification resistance, rot immunity, AC +4
a: Berserk, Trog's Hand, Burn Spellbooks, Renounce Religion


You were on level 6 of the Dungeon.
You worshipped Trog.
Trog was most pleased with you.
You were near starving.

You visited 1 branch of the dungeon, and saw 6 of its levels.

You collected 358 gold pieces.

Inventory:

Hand Weapons
 a - a +0 hand axe (weapon)
Missiles
 f - 86 arrows (quivered)
Armour
 b - a +0 animal skin
 d - a +0 cloak (worn)
 o - a +0 pair of boots (worn)
 w - a +0 scale mail (worn)
Wands
 H - a wand of flame (16/48)
Scrolls
 e - a scroll of fear {unknown}
 h - 2 scrolls of magic mapping {unknown}
 i - a scroll of enchant armour {unknown}
 l - 3 scrolls of remove curse {unknown}
 m - a scroll of amnesia {unknown}
 q - 5 scrolls of identify {unknown}
 s - a scroll of teleportation {unknown}
 y - 4 scrolls of random uselessness {unknown}
 z - a scroll of enchant weapon {unknown}
 D - a scroll of immolation {unknown}
 E - a scroll of recharging {unknown}
Potions
 g - a potion of mutation {unknown}
 j - 2 potions of degeneration {unknown}
 n - a potion of agility {unknown}
 p - 3 potions of flight {unknown}
 t - a potion of brilliance {unknown}
 u - 2 potions of might {unknown}
 v - 3 potions of lignification {unknown}
 x - a potion of magic {unknown}
 A - a potion of resistance {unknown}
 B - 2 potions of curing {unknown}
 C - 2 potions of beneficial mutation {unknown}
 G - a potion of cure mutation {unknown}
Comestibles
 c - 4 bread rations
 k - 4 beef jerkies
 r - 3 meat rations


   Skills:
 + Level 5.3 Fighting
 + Level 4.4 Axes
 + Level 5.0 Armour
 + Level 3.3 Dodging


You had 6 spell levels left.
You didn't know any spells.

Dungeon Overview and Level Annotations

Branches:
Dungeon (6/15)             Temple (0/1) D:5

Altars:
Cheibriados
Elyvilon
Makhleb
Nemelex Xobeh
Qazlal
Trog
Uskayaw
Zin
The Shining One

Annotations:
D:6 Philosophy's ghost, novice HOFi


Innate Abilities, Weirdness & Mutations

You are resistant to torment.
Your stone body is resilient. (AC +4)
You are immune to poison.
You resist negative energy. (rN+)
You are resistant to electric shocks. (rElec)
You can survive without breathing.
You are immune to petrification.
You are immune to rotting.


Message History

You are exhausted.
You feel yourself slow down. Philosophy's ghost hits you!
* * * LOW HITPOINT WARNING * * *
You hit Philosophy's ghost.
Philosophy's ghost is severely damaged.
Philosophy's ghost shouts, "You will join me soon!"
Philosophy's ghost closely misses you.
You hit Philosophy's ghost.
Philosophy's ghost is almost destroyed.
Philosophy's ghost closely misses you. x2
You completely miss Philosophy's ghost.
Philosophy's ghost is almost destroyed.
Philosophy's ghost hits you but does no damage.
Philosophy's ghost hits you!
* * * LOW HITPOINT WARNING * * *
Your skin crawls.
You feel resistant to hostile enchantments.
You are near starving!
Philosophy's ghost hits you.
You die...

......?...........?
...................
...................
.......)...........
...................
...................
...................
.............##...
...........W@# +
.............#
.............#
...<.........#
...###..##...# ...
#..###### .. .....
#.... #...


You could see Philosophy's ghost.

Vanquished Creatures
  A sky beast (D:5)
  A bullfrog (D:6)
  A jelly (D:5)
  4 orc priests (D:5)
  Natasha (twice) (D:3)
  A worker ant (D:4)
  A howler monkey skeleton (D:4)
  11 adders
  3 gnolls (D:4)
  2 oozes
  2 worms
  A dart slug (D:2)
  5 leopard geckos
  6 orcs
  7 bats
  8 giant cockroaches
  9 goblins
  8 hobgoblins
  5 jackals
  2 quokkas
  2 ball pythons
  4 frilled lizards
  7 kobolds
  9 rats
102 creatures vanquished.

Notes
Turn   | Place    | Note
-------+----------+-------------------------------------------
     0 | D:1      | nikopol the Gargoyle Berserker began the quest for the Orb.
     0 | D:1      | Reached XP level 1. HP: 14/14 MP: 1/1
   222 | D:1      | Reached XP level 2. HP: 19/19 MP: 2/2
   674 | D:2      | Reached XP level 3. HP: 23/23 MP: 3/3
   733 | D:2      | Found a stormy altar of Qazlal.
   771 | D:2      | Reached ** piety under Trog
   990 | D:2      | Reached XP level 4. HP: 27/29 MP: 4/4
  1016 | D:2      | Found a faded altar of an unknown god.
  1082 | D:2      | Found a bloodstained altar of Trog.
  1783 | D:3      | Found a glowing silver altar of Zin.
  1843 | D:3      | Noticed Natasha
  1852 | D:3      | Killed Natasha
  1852 | D:3      | Reached XP level 5. HP: 24/33 MP: 5/5
  2116 | D:3      | Noticed Natasha
  2120 | D:3      | Killed Natasha
  2299 | D:4      | Reached *** piety under Trog
  2483 | D:4      | Found a white marble altar of Elyvilon.
  2483 | D:4      | Found a sparkling altar of Nemelex Xobeh.
  2534 | D:4      | Reached XP level 6. HP: 33/39 MP: 6/6
  2694 | D:4      | Found a burning altar of Makhleb.
  2742 | D:4      | Found a glowing golden altar of the Shining One.
  2757 | D:4      | Found a hide-covered altar of Uskayaw.
  2841 | D:4      | Found a snail-covered altar of Cheibriados.
  3019 | D:5      | Entered Level 5 of the Dungeon
  3814 | D:5      | Reached skill level 5 in Fighting
  3814 | D:5      | Reached XP level 7. HP: 34/44 MP: 7/7
  3964 | D:5      | Found a staircase to the Ecumenical Temple.
  4347 | D:6      | Reached skill level 5 in Armour
  4353 | D:6      | Noticed Philosophy's ghost (novice HOFi)
  4384 | D:6      | HP: 2/44 [Philosophy's ghost (9)]
  4385 | D:6      | Slain by Philosophy's ghost

Skill      XL: |  1  2  3  4  5  6  7 |
---------------+----------------------+-----
Dodging        | 2 3 |  3.3
Armour         | 3 4 5 |  5.0
Axes           | 3 4 |  4.4
Fighting       | 4 5 |  5.3

Action                   |  1- 3 |  4- 6 |  7- 9 || total
-------------------------+-------+-------+-------++-------
Melee: Hand axe          |   141 |   263 |    59 ||   463
Invok: Burn Spellbooks   |       |     1 |       ||     1
       Berserk           |       |     2 |     1 ||     3
       Trog's Hand       |       |       |     1 ||     1
 Stab: Sleeping          |     1 |     1 |       ||     2
  Eat: Chunk             |       |     8 |       ||     8
       Pizza             |       |     1 |       ||     1
       Fruit             |       |       |     4 ||     4
Armor: Animal skin       |    64 |    40 |       ||   104
       Skin              |       |     1 |       ||     1
       Scale mail        |       |    81 |    22 ||   103
Dodge: Dodged            |   124 |   186 |    34 ||   344
